 Dungeon Crawl Stone Soup version 0.21-a0-508-gf08a75f (webtiles) character file.

175 esteth the Bolt Thrower (level 5, -3/40 HPs)
             Began as a Centaur Arcane Marksman on Nov 28, 2017.
             Slain by a gnoll
             ... wielding a +0 spear
              (4 damage)
             ... on level 3 of the Dungeon.
             The game lasted 00:06:57 (1866 turns).

esteth the Bolt Thrower (Centaur Arcane Marksman)   Turns: 1866, Time: 00:06:58

Health: -3/40      AC:  4    Str: 12    XL:     5   Next: 29%
Magic:  0/6        EV:  5    Int: 12    God:
Gold:   128        SH:  0    Dex: 11    Spells: 5/6 levels left

rFire    . . .     SeeInvis .   a - +2 hand crossbow
rCold    . . .     Gourm    .   (no shield)
rNeg     . . .     Faith    .   e - +0 robe
rPois    .         Spirit   +   (no helmet)
rElec    .         Reflect  .   (no cloak)
rCorr    .         Harm     .   (no gloves)
MR       .....                  (no barding)
Stlth    +.........             m - amulet of guardian spirit
HPRegen  0.13/turn              (no ring)
MPRegen  0.10/turn              (no ring)

@: held, very quick
A: large, hooves 3, deformed body, speed 2, tough skin 3
a: no special abilities


You were on level 3 of the Dungeon.
You were not hungry.

You visited 1 branch of the dungeon, and saw 3 of its levels.

You collected 128 gold pieces.

Inventory:

Hand Weapons
 a - a +2 hand crossbow (weapon)
 o - a +0 trident
Missiles
 d - 40 bolts (quivered)
Armour
 e - a +0 robe (worn)
Jewellery
 m - an amulet of guardian spirit (around neck)
 u - a +5 ring of slaying {unknown}
Scrolls
 h - 4 scrolls of teleportation
 i - 2 scrolls of remove curse
 r - a scroll of amnesia
 v - a scroll of identify {unknown}
Potions
 g - a potion of curing {unknown}
 j - a potion of degeneration {unknown}
 k - a potion of berserk rage {unknown}
 q - a potion of flight {unknown}
 s - a potion of mutation {unknown}
 t - 2 potions of brilliance {unknown}
Books
 c - a book of Debilitation

   Spells                             Type                      Level
   a - Corona                         Hexes                        1
   b - Slow                           Hexes                        2
   c - Inner Flame                    Hexes/Fire                   3
   d - Portal Projectile              Hexes/Translocation          3
   e - Cause Fear                     Hexes                        4
   f - Leda's Liquefaction            Hexes/Earth                  4
Comestibles
 b - 8 chunks of flesh
 f - 4 bread rations
 l - a meat ration
 p - a royal jelly


   Skills:
 - Level 1.0 Fighting
 + Level 6.1 Crossbows
 - Level 1.3 Dodging
 - Level 1.0 Spellcasting
 - Level 2.6 Hexes


You had 5 spell levels left.
You knew the following spells:

 Your Spells              Type           Power        Failure   Level  Hunger
a - Corona                Hex            #......      10%         1    ##.....


Dungeon Overview and Level Annotations

Branches:
Dungeon (3/15)

Altars:
Xom
Zin
The Shining One


Innate Abilities, Weirdness & Mutations

You have hooves in place of feet.
Armour fits poorly on your strangely shaped body.
You cover ground very quickly.
You have extremely tough skin. (AC +3)


Message History

The gnoll barely misses you. The gnoll hits you with a club.
The gnoll hits you from afar with a spear.
You see here 15 gold pieces.
The gnoll throws a throwing net.
The throwing net hits you.
You become entangled in the net!
The gnoll hits you from afar with a spear!
* * * LOW HITPOINT WARNING * * *
You see here a throwing net.
You struggle against the net.
The gnoll hits you from afar with a spear.
* * * LOW HITPOINT WARNING * * *
You struggle against the net.
The gnoll hits you but does no damage.
The gnoll hits you from afar with a spear.
* * * LOW HITPOINT WARNING * * *
The gnoll hits you from afar with a spear.
* * * LOW HITPOINT WARNING * * *
You struggle against the net.
The gnoll closely misses you.
The gnoll hits you from afar with a spear.
You die...

#.# #.##.#
#...... #.#
#.##.# #..)...
#.# #.##.#
#...... #.#
#.##.# #......
#######[##
##.# #......
#........###.#
#......
#...........
#......
#.........#
#......
#.......@.#
#....._
#.....ggg.#
#...###
#.....g...#
#...#..
#.........#
#...#..
#.........#
##..#..
#....$...$#
#..###
#.........#
#...._
#.........#
##....
#####.#...#
#####


You could see 4 gnolls.

Vanquished Creatures
  Jessica (D:3)
  2 gnolls (D:2)
  7 adders
  An ooze (D:1)
  3 leopard geckos
  3 giant cockroaches
  6 hobgoblins
  7 quokkas
  A ball python (D:3)
  7 bats
  3 frilled lizards
  8 goblins
  5 kobolds
  8 rats
62 creatures vanquished.

Notes
Turn   | Place    | Note
-------+----------+-------------------------------------------
     0 | D:1      | esteth the Centaur Arcane Marksman began the quest for the Orb.
     0 | D:1      | Reached XP level 1. HP: 16/16 MP: 2/2
    90 | D:1      | Reached skill level 3 in Crossbows
    90 | D:1      | Reached XP level 2. HP: 23/23 MP: 3/3
   536 | D:1      | Upgraded the game from 0.21-a0-507-ga8f6b7a to 0.21-a0-508-gf08a75f
   645 | D:2      | Reached skill level 4 in Crossbows
   645 | D:2      | Reached XP level 3. HP: 28/28 MP: 4/4
  1043 | D:2      | Reached XP level 4. HP: 35/35 MP: 5/5
  1075 | D:2      | Reached skill level 5 in Crossbows
  1142 | D:2      | Found a glowing golden altar of the Shining One.
  1533 | D:3      | Noticed Jessica
  1536 | D:3      | Killed Jessica
  1536 | D:3      | Reached XP level 5. HP: 40/40 MP: 6/6
  1595 | D:3      | Reached skill level 6 in Crossbows
  1767 | D:3      | Found a shimmering altar of Xom.
  1778 | D:3      | Noticed an angel
  1779 | D:3      | Found a glowing silver altar of Zin.
  1865 | D:3      | HP: 1/40 [gnoll/spear (3)]
  1866 | D:3      | Slain by a gnoll

Vault maps used:
D:1:      lightli_arrival_statue_moat, hangedman_abyss_or_decor_lesser_grid
D:2:      wad_woods_tower, tso_altar
D:3:      grunt_temple_overflow_order_and_chaos_1, serial_bayou_pond_d,
          kennysheep_generic_room_14, uniq_jessica

Skill      XL: |  1  2  3  4  5 |
---------------+----------------+-----
Crossbows      | 3 4 5 6 |  6.1
Fighting       | |  1.0
Dodging        | |  1.3
Spellcasting   | |  1.0
Hexes          | |  2.6

Action                   |  1- 3 |  4- 6 || total
-------------------------+-------+-------++-------
 Fire: Hand crossbow     |    63 |    81 ||   144
  Use: Scroll            |       |     5 ||     5
  Eat: Chunk             |       |     2 ||     2
Armor: Robe              |     6 |    19 ||    25
Dodge: Dodged            |     3 |    13 ||    16

Table legend:
 A = Spawn XP
 B = Non-spawn XP
 C = Spawn XP percentage of total XP
 D = Spawn monster count
 E = Non-spawn monster count
 F = Spawn count percentage of total count
 G = Total turns spent on level
                    A         B        C        D         E        F      G
               +---------+---------+-------+---------+---------+-------+---------
         Total |       0 |     251 |   0.0 |       0 |      62 |   0.0 |  1866
               +---------+---------+-------+---------+---------+-------+---------
           D:1 |       0 |      33 |   0.0 |       0 |      17 |   0.0 |   641
           D:2 |       0 |     120 |   0.0 |       0 |      28 |   0.0 |   795
           D:3 |       0 |      98 |   0.0 |       0 |      17 |   0.0 |   430
               +---------+---------+-------+---------+---------+-------+---------
